 Dungeon Crawl Stone Soup version bcrawl-1.38b (webtiles) character file.

Game seed: 16805880703924050756

9319617 GordonOverkill the Swashbuckler (level 18, -2/141 HPs)
             Began as a Gnoll Sloth Apostle on Mar 17, 2023.
             Was the Champion of Cheibriados.
             Killed from afar by Mara (illusionary) (42 damage)
             ... with a bolt of fire
             ... on level 3 of the Snake Pit.
             The game lasted 01:43:58 (30306 turns).

GordonOverkill the Swashbuckler (GnSA)             Turns: 30306, Time: 01:43:59

Health: -2/141     AC: 30    Str: 44    XL:     18   Next: 12%
Magic:  34/34      EV: 12    Int: 32    God:    Cheibriados [******]
Gold:   270        SH: 27    Dex: 29    Spells: 27/41 levels left

rFire    . . .     GDR:     43% H - +5 eveningstar (freeze)
rCold    . . .     SeeInvis .   B - +0 large shield
rNeg     . . .     Gourm    .   T - +3 plate armour {rPois}
rPois    +         Faith    .   u - +2 helmet
rElec    .         Spirit   .   O - +2 cloak
rCorr    .         Reflect  +   S - +2 pair of gloves {Str+3}
MR       ++...     Clarity  +   Y - +2 pair of boots {Stlth++}
Stlth    +++.......             G - +4 amulet of reflection
HPRegen  0.33/turn              s - ring of protection from magic
MPRegen  0.24/turn              r - +5 ring of strength

@: studying Short Blades, heavily drained, very slow
A: distributed training, fangs 1, strong nose
}: 1/15 runes: decaying
a: Bend Time, Defer, Temporal Distortion, Step From Time, Renounce Religion


You were on level 3 of the Snake Pit.
You worshipped Cheibriados.
Cheibriados was exalted by your worship.
You were hungry.

You visited 6 branches of the dungeon, and saw 26 of its levels.
You also visited: Ice Cave and Volcano.

You collected 2757 gold pieces.
You spent 2487 gold pieces at shops.

Inventory:

Hand Weapons
 H - a +5 eveningstar of freezing (weapon)
 I - the +7 hand axe "Dragonbane" {chop, rF+ rC+}
   (You found it on level 9 of the Dungeon)

   It will always inflict at least some extra damage.
   This minimum extra damage increases with your current reserve of magical
   power.
   It protects you from fire.
   It protects you from cold.
 V - a +2 antimagic war axe
Missiles
 c - 3 throwing nets {=f}
 x - 703 poisoned tomahawks (quivered)
 A - 73 exploding tomahawks
 K - 38 javelins of penetration {=f}
Armour
 u - a +2 helmet (worn)
 B - a +0 large shield (worn)
 L - the +5 ring mail "Sanyll" {rElec Str+7 Dex+4 Stlth-}
   (You bought it in a shop on level 10 of the Dungeon)

   It affects your strength (+7).
   It affects your dexterity (+4).
   It insulates you from electricity.
   It makes you less stealthy.
 O - a +2 cloak (worn)
 S - a +2 pair of gloves of strength (worn)
 T - a +3 plate armour of poison resistance (worn)
 Y - a +2 pair of boots of stealth (worn)
Jewellery
 r - a +5 ring of strength (right hand)
 s - a ring of protection from magic (left hand)
 F - an uncursed ring of fire
 G - a +4 amulet of reflection (around neck)
Wands
 l - a wand of paralysis (6)
 t - a wand of acid (8)
 C - a wand of digging (9)
 E - a wand of charming (22)
 J - a wand of polymorph (22)
 N - a wand of disintegration (16)
Scrolls
 g - 12 scrolls of remove curse
 i - 2 scrolls of identify
 j - 5 scrolls of teleportation
 m - 3 scrolls of fear
 o - a scroll of blinking
 q - 9 scrolls of fog
 v - 7 scrolls of magic mapping
 y - 2 scrolls of vulnerability
 P - a scroll of immolation
 U - 4 scrolls of enchant armour
 W - a scroll of silence
Potions
 a - 5 potions of ambrosia
 h - 12 potions of curing
 k - 3 potions of might
 p - a potion of agility
 w - 7 potions of mutation
 D - 4 potions of brilliance
 M - a potion of heal wounds
 R - 2 potions of invisibility
 Z - 5 potions of resistance
Miscellaneous
 f - a phantom mirror
 n - a box of beasts
 z - a lightning rod (4/4)
 Q - a sack of spiders (inert)
Comestibles
 b - 3 chunks of flesh
 e - 29 rations {!d}


   Skills:
 + Level 12.5(9.6) Fighting
 + Level 15.3(12.2) Short Blades
 + Level 11.8(8.9) Long Blades
 + Level 11.8(8.9) Axes
 + Level 11.8(8.9) Maces & Flails
 + Level 12.5(9.6) Polearms
 + Level 11.8(8.9) Staves
 + Level 11.8(8.9) Slings
 + Level 11.8(8.9) Bows
 + Level 11.8(8.9) Crossbows
 + Level 11.8(8.9) Throwing
 + Level 11.8(8.9) Armour
 + Level 11.8(8.9) Dodging
 + Level 13.2(10.2) Stealth
 + Level 12.5(9.6) Shields
 + Level 11.8(8.9) Unarmed Combat
 + Level 12.1(9.2) Spellcasting
 + Level 10.1(7.3) Conjurations
 + Level 10.7(7.9) Hexes
 + Level 10.1(7.3) Charms
 + Level 10.1(7.3) Summonings
 + Level 10.1(7.3) Necromancy
 + Level 10.1(7.3) Translocations
 + Level 10.1(7.3) Transmutations
 + Level 10.1(7.3) Fire Magic
 + Level 10.1(7.3) Ice Magic
 + Level 10.1(7.3) Air Magic
 + Level 10.1(7.3) Earth Magic
 + Level 10.1(7.3) Poison Magic
 + Level 12.7(9.7) Invocations
 + Level 12.0(9.1) Evocations


You had 27 spell levels left.
You knew the following spells:

 Your Spells              Type           Power        Failure   Level  Hunger
a - Slow                  Hex            ######..     52%         1    None
b - Ensorcelled Hibernat  Hex/Ice        ######       71%         2    None
c - Confuse               Hex            ######..     87%         3    None
d - Tukima's Dance        Hex            ######..     87%         3    None
e - Cause Fear            Hex            ######....   99%         4    ##.....
f - Infusion              Chrm           ######..     61%         1    None

Your spell library contained the following spells:

 Spells                   Type           Power        Failure   Level  Hunger
 Corona                   Hex            ######.      52%         1    None
 Blink Other              Tloc           ######       61%         1    None
 Sting                    Conj/Pois      ####         61%         1    None
 Shackle                  Hex            ######..     65%         2    None
 Poisonous Vapours        Pois/Air       ######       75%         2    None
 Dazzling Orbs            Conj/Hex       ######.      90%         3    None
 False Image              Hex/Summ       ######..     90%         3    None
 Inner Flame              Hex/Fire       N/A          90%         3    None
 Ignite Poison            Fire/Tmut/Pois ######..     93%         3    None
 Fulminant Prism          Conj/Hex       ######....   100%        4    ##.....
 Olgreb's Toxic Radiance  Pois           ######...    100%        4    ##.....
 Summon Scorpions         Summ/Pois      ######..     100%        4    ##.....
 Yara's Violent Unravell  Hex/Tmut       ######....   100%        4    ##.....
 Bolt of Draining         Conj/Necr      ######....   100%        5    ####...
 Freezing Cloud           Ice/Air        ######..     100%        5    ####...
 Iskenderun's Battlesphe  Conj/Chrm      ######..     100%        5    ####...
 Metabolic Englaciation   Hex/Ice        ######....   100%        5    ####...
 Piercing Shot            Chrm           ######....   100%        5    ####...
 Steam Barrier            Chrm/Fire      ######....   100%        5    ####...
 Venom Bolt               Conj/Pois      ######....   100%        5    ####...
 Bolt of Cold             Conj/Ice       ######....   100%        6    ######.
 Borgnjor's Vile Clutch   Necr/Erth      ######....   100%        6    ######.
 Conjure Ball Lightning   Conj/Air       ######....   100%        6    ######.
 Darkness                 Hex            ######....   100%        6    ######.
 Dispersal                Tloc           ######....   100%        6    ######.
 Infestation              Hex/Tmut/Pois  ######...    100%        6    ######.
 Iron Shot                Conj/Erth      ######....   100%        6    ######.
 Ozocubu's Refrigeration  Ice            ######....   100%        6    ######.
 Poison Arrow             Conj/Pois      ######....   100%        6    ######.
 Simulacrum               Ice/Necr       ######..     100%        6    ######.
 Controlled Blink         Tloc           ######..     100%        7    #######
 Orb of Destruction       Conj           ######....   100%        7    #######
 Shadow Creatures         Summ           N/A          100%        7    #######
 Spellforged Servitor     Conj/Summ      ######....   100%        7    #######
 Time Stop                Chrm/Tloc      N/A          100%        8    #######


Dungeon Overview and Level Annotations

Branches:
Dungeon (12/12)            Temple (1/1) D:6            Lair (6/6) D:7
  Swamp (3/3) Lair:2        Snake (3/3) Lair:2        Slime (0/5) Lair:6
    Orc (1/1) D:10            Elf (0/3) Orc          Vaults (0/3) D:12
 Depths (0/5) D:12

Altars:
Ashenzari
Cheibriados
Dithmenos
Elyvilon
Fedhas
Gozag
Hepliaklqana
Kikubaaqudgha
Lugonu
Makhleb
Nemelex Xobeh
Okawaru
Qazlal
Ru
Sif Muna
Trog
Uskayaw
Vehumet
Wu Jian
Xom
Yredelemnul
Zin
The Shining One
Jiyva

Shops:
D:4 ?   D:6 =   D:10 [?   D:12 *   Orc [(*:%   Snake:1 =}=

Annotations:
Lair:2 3 runed translucent doors, Huum's ghost, journeyman DrSA
Lair:4 1 runed translucent door, yrara's ghost, journeyman DsFi
Swamp:3 2 transporters, Quickbrownfox's ghost, journeyman MiAc
Snake:2 3 runed translucent doors, yrara's ghost, journeyman DsFi
Snake:3 Mara


Innate Abilities, Weirdness & Mutations

Your experience applies equally to all skills.
You have very sharp teeth.
Your uncanny sense of smell can sniff out nearby items.


Message History

Your jumping spider pounces on GordonOverkill's illusion!
You block GordonOverkill's illusion's attack.
You block Mara's attack.
Mara blinks!
Mara hits you but does no damage.
You feel drained.
Your jumping spider pounces on Mara!
Your jumping spider misses GordonOverkill's illusion.
GordonOverkill's illusion hits you! GordonOverkill's illusion freezes you.
You thump Mara! You freeze Mara.
Mara is heavily wounded.
Mara hits you but does no damage.
You feel drained. You block Mara's attack. x2
Your jumping spider barely misses Mara.
Your jumping spider barely misses GordonOverkill's illusion.
You block GordonOverkill's illusion's attack.
You closely miss Mara. You bite Mara, but do no damage.
Mara is heavily wounded.
Mara gestures at you. The bolt of fire hits you!
* * * LOW HITPOINT WARNING * * *
Mara gestures at you. The bolt of fire hits you!!!
You die...

.. ... #.#
###.#######
#......(..#
#####.........#
#.....s@RRR...#
#......s@.....#
.....#†####### ...
#.# . #.# #.# ##### ∆
###.#####...##
#....#.#<.÷..# ⌠
#....#.##...)##+##...
#....#..#####.....#


You could see 3 Maras, GordonOverkill's illusion and 2 friendly jumping spiders.

Vanquished Creatures
  the Lernaean hydra (Swamp:3)
  Nikola (Swamp:1)
  2 thorn hunters (Swamp:3)
  A frost giant (IceCv)
  An orc warlord (Orc)
  An emperor scorpion (D:12)
  2 dire elephants
  2 rakshasas
  2 ghost crabs
  18 hydras
  Psyche (D:11)
  7 naga warriors
  2 shambling mangroves
  A catoblepas (Lair:6)
  8 alligators
  11 two-headed ogres
  2 ogre magi (D:12)
  A deep troll shaman (Lair:6)
  7 anacondas
  A tengu warrior (D:12)
  15 death yaks
  Nergalle (D:11)
  7 shock serpents
  4 naga sharpshooters
  An orc high priest (Orc)
  A goliath frog (Swamp:3)
  3 centaur warriors (D:11)
  A salamander mystic (Snake:2)
  3 death drakes
  2 skeletal warriors (Volcano)
  4 wolf spider zombies
  A naga ritualist (Snake:1)
  11 swamp dragons
  3 cyclopes
  4 orc knights
  3 anaconda skeletons (Volcano)
  2 orc sorcerers (Orc)
  2 oklob plants (Lair:4)
  2 deep elf magi (D:12)
  An ugly thing (D:5)
  4 mana vipers
  10 salamanders
  4 elephants (Lair:6)
  A manticore (Lair:6)
  6 will-o'-wisps
  2 guardian serpents
  An ice statue (IceCv)
  A torpor snail (Lair:6)
  14 black mambas
  8 naga magi
  6 gargoyles
  5 rime drakes
  17 cane toads
  9 komodo dragons
  A flying skull (Volcano)
  4 kobold demonologists (D:10)
  24 polar bears
  Maurice (D:12)
  A hornet (shapeshifter) (D:12)
  9 tyrant leeches
  Grinder (D:5)
  9 blink frogs (Lair:6)
  5 trolls
  19 slime creatures
  9 hornets
  10 hippogriffs
  4 bog bodies
  3 harpy skeletons
  A meliai zombie (D:7)
  2 alligator skeletons (Volcano)
  3 spriggans
  Sigmund (D:3)
  49 yaks
  2 wyverns
  Eustachio (D:5)
  A wraith (D:12)
  2 hogs (D:7)
  A human (D:7)
  11 vampire mosquitoes
  A steam dragon (D:9)
  3 hungry ghosts
  2 basilisks
  Edmund (D:4)
  11 swamp worms
  2 acid dragons
  9 nagas
  11 crocodiles
  A warg (Orc)
  12 water moccasins
  Duvessa (D:5)
  14 swamp drakes
  2 black bears
  9 porcupines
  An ice beast (D:9)
  29 orc warriors
  A cane toad skeleton (D:10)
  A necrophage (D:8)
  2 phantoms
  2 sky beasts
  11 ogres
  25 wolves
  3 kobold brigands
  12 bullfrogs
  A gnoll sergeant (D:6)
  2 scorpions
  Dowan (D:5)
  A water moccasin skeleton (D:4)
  10 centaurs
  14 killer bees
  A spriggan skeleton (Volcano)
  A troll skeleton (Volcano)
  3 wights (D:6)
  An electric eel (D:7)
  10 orc priests
  5 howler monkeys (D:9)
  10 crimson imps
  2 quasits
  6 hounds
  2 jellies
  Crazy Yiuf (D:4)
  21 orc wizards
  2 bullfrog skeletons
  6 hell rats (Lair:3)
  An iguana (D:8)
  Natasha (thrice) (D:3)
  8 worker ants
  2 naga skeletons (Volcano)
  A hound skeleton (D:9)
  A howler monkey zombie (D:5)
  A howler monkey skeleton (D:8)
  A worker ant zombie (D:5)
  5 gnolls (D:6)
  13 adders
  3 oozes (D:1)
  An adder zombie (D:7)
  An adder skeleton (D:8)
  2 worms
  A dart slug (D:1)
  7 leopard geckos
  76 orcs
  2 giant cockroaches
  2 goblins (D:1)
  5 hobgoblins
  13 jackals
  14 kobolds
  5 quokkas
  9 ball pythons
  4 bats
  2 frilled lizards (D:1)
  A quokka skeleton (D:4)
  A quokka zombie (D:5)
  4 rats
  2 fungi (Lair:2)
  9 plants
871 creatures vanquished.

Vanquished Creatures (collateral kills)
  Jorgrun (D:12)
1 creature vanquished.

Vanquished Creatures (others)
  A naga warrior (Snake:1)
  2 hydras (Swamp:3)
  Sonja (D:12)
  3 naga sharpshooters (Snake:1)
  A yak (D:7)
  A swamp worm (Swamp:2)
  2 orc warriors (Orc)
  4 swamp drakes
  A wolf (IceCv)
  A centaur (D:12)
  A worker ant (D:12)
  14 fungi
  15 plants
47 creatures vanquished.

Grand Total: 919 creatures vanquished

Notes
Turn   | Place    | Note
-------+----------+-------------------------------------------
     0 | D:1      | GordonOverkill the Gnoll Sloth Apostle began the quest for
                  | the Orb.
     0 | D:1      | Reached XP level 1. HP: 20/20 MP: 4/4
   204 | D:1      | Reached XP level 2. HP: 26/26 MP: 1/5
   472 | D:1      | Reached XP level 3. HP: 16/31 MP: 5/7
   835 | D:2      | Reached skill level 1 in Invocations
  1080 | D:2      | Reached skill level 1 in Short Blades
  1080 | D:2      | Reached skill level 1 in Long Blades
  1080 | D:2      | Reached skill level 1 in Axes
  1080 | D:2      | Reached skill level 1 in Maces & Flails
  1080 | D:2      | Reached skill level 1 in Staves
  1080 | D:2      | Reached skill level 1 in Slings
  1080 | D:2      | Reached skill level 1 in Bows
  1080 | D:2      | Reached skill level 1 in Crossbows
  1080 | D:2      | Reached skill level 1 in Throwing
  1080 | D:2      | Reached skill level 1 in Armour
  1080 | D:2      | Reached skill level 1 in Dodging
  1080 | D:2      | Reached skill level 1 in Unarmed Combat
  1327 | D:2      | Reached XP level 4. HP: 38/38 MP: 8/8
  1505 | D:3      | Reached skill level 1 in Conjurations
  1505 | D:3      | Reached skill level 1 in Charms
  1505 | D:3      | Reached skill level 1 in Summonings
  1505 | D:3      | Reached skill level 1 in Necromancy
  1505 | D:3      | Reached skill level 1 in Translocations
  1505 | D:3      | Reached skill level 1 in Transmutations
  1505 | D:3      | Reached skill level 1 in Fire Magic
  1505 | D:3      | Reached skill level 1 in Ice Magic
  1505 | D:3      | Reached skill level 1 in Air Magic
  1505 | D:3      | Reached skill level 1 in Earth Magic
  1505 | D:3      | Reached skill level 1 in Poison Magic
  1549 | D:3      | Reached * piety under Cheibriados
  1712 | D:3      | Reached XP level 5. HP: 41/43 MP: 9/9
  1736 | D:3      | Found a sacrificial altar of Ru.
  1880 | D:3      | Found a glowing golden altar of the Shining One.
  1889 | D:3      | Noticed Sigmund
  1896 | D:3      | Killed Sigmund
  1897 | D:3      | Reached XP level 6. HP: 50/50 MP: 9/11
  1932 | D:3      | Noticed Natasha
  1960 | D:3      | Killed Natasha
  1961 | D:3      | Reached skill level 5 in Fighting
  1961 | D:3      | Reached skill level 5 in Polearms
  1961 | D:3      | Reached skill level 5 in Shields
  1988 | D:3      | Noticed Natasha
  1994 | D:3      | Killed Natasha
  1995 | D:3      | Reached skill level 2 in Short Blades
  2103 | D:3      | Noticed Natasha
  2108 | D:3      | Killed Natasha
  2180 | D:4      | Found an iron altar of Okawaru.
  2180 | D:4      | Found a shadowy altar of Dithmenos.
  2181 | D:4      | Found an ornate altar of the Wu Jian Council.
  2207 | D:4      | Reached XP level 7. HP: 42/56 MP: 12/12
  2281 | D:4      | Found Cowiecio's Magic Scroll Shoppe.
  2291 | D:4      | Bought a scroll of blinking for 90 gold pieces
  2291 | D:4      | Bought a scroll of enchant armour for 90 gold pieces
  2316 | D:4      | Noticed Edmund
  2341 | D:4      | Killed Edmund
  2541 | D:4      | Reached XP level 8. HP: 63/63 MP: 12/14
  2569 | D:4      | Found a sacrificial altar of Ru.
  2588 | D:4      | Reached ** piety under Cheibriados
  2711 | D:4      | Found a runed door.
  2919 | D:4      | Noticed Crazy Yiuf
  2924 | D:4      | Killed Crazy Yiuf
  3003 | D:5      | Entered Level 5 of the Dungeon
  3046 | D:5      | Noticed a green ugly thing
  3105 | D:5      | Noticed Dowan
  3105 | D:5      | Noticed Duvessa
  3109 | D:5      | Killed Duvessa
  3110 | D:5      | Reached skill level 3 in Short Blades
  3124 | D:5      | Killed Dowan
  3230 | D:5      | Noticed Eustachio
  3237 | D:5      | Killed Eustachio
  3428 | D:5      | Found an iron altar of Okawaru.
  3437 | D:5      | Noticed Grinder
  3443 | D:5      | Paralysed by Grinder for 2 turns
  3452 | D:5      | Paralysed by Grinder for 4 turns
  3456 | D:5      | Killed Grinder
  3642 | D:5      | Reached XP level 9. HP: 69/69 MP: 16/16
  3739 | D:5      | Reached skill level 5 in Hexes
  4022 | D:5      | Killed a green ugly thing
  4023 | D:5      | Reached skill level 4 in Short Blades
  4023 | D:5      | Reached skill level 5 in Spellcasting
  4148 | D:6      | Reached skill level 5 in Evocations
  4214 | D:6      | Found a staircase to the Ecumenical Temple.
  4221 | Temple   | Entered the Ecumenical Temple
  4516 | D:6      | Reached *** piety under Cheibriados
  4736 | D:6      | Reached skill level 5 in Invocations
  4795 | D:6      | Found Zojacw's Jewellery Emporium.
  5062 | D:7      | Reached XP level 10. HP: 75/77 MP: 18/18
  5079 | D:7      | Reached skill level 5 in Short Blades
  5094 | D:7      | Reached skill level 5 in Long Blades
  5094 | D:7      | Reached skill level 5 in Axes
  5094 | D:7      | Reached skill level 5 in Maces & Flails
  5094 | D:7      | Reached skill level 5 in Staves
  5094 | D:7      | Reached skill level 5 in Slings
  5094 | D:7      | Reached skill level 5 in Bows
  5094 | D:7      | Reached skill level 5 in Crossbows
  5094 | D:7      | Reached skill level 5 in Throwing
  5094 | D:7      | Reached skill level 5 in Armour
  5094 | D:7      | Reached skill level 5 in Dodging
  5094 | D:7      | Reached skill level 5 in Unarmed Combat
  5314 | D:7      | Reached **** piety under Cheibriados
  5315 | D:7      | Noticed a death yak
  5315 | D:7      | Noticed a death yak
  5335 | D:7      | Killed a death yak
  5340 | D:7      | Killed a death yak
  5341 | D:7      | Reached skill level 6 in Short Blades
  5635 | D:7      | Noticed a death yak
  5635 | D:7      | Noticed a death yak
  5641 | D:7      | Noticed a death yak
  5647 | D:7      | Killed a death yak
  5648 | D:7      | Reached XP level 11. HP: 50/84 MP: 20/20
  5675 | D:7      | Killed a death yak
  5676 | D:7      | Reached skill level 7 in Short Blades
  5988 | D:7      | Reached skill level 5 in Conjurations
  5988 | D:7      | Reached skill level 5 in Charms
  5988 | D:7      | Reached skill level 5 in Summonings
  5988 | D:7      | Reached skill level 5 in Necromancy
  5988 | D:7      | Reached skill level 5 in Translocations
  5988 | D:7      | Reached skill level 5 in Transmutations
  5988 | D:7      | Reached skill level 5 in Fire Magic
  5988 | D:7      | Reached skill level 5 in Ice Magic
  5988 | D:7      | Reached skill level 5 in Air Magic
  5988 | D:7      | Reached skill level 5 in Earth Magic
  5988 | D:7      | Reached skill level 5 in Poison Magic
  6220 | D:7      | Reached ***** piety under Cheibriados
  6753 | D:7      | Found a staircase to the Lair.
  6780 | D:7      | Found an opulent altar of Gozag.
  6813 | D:7      | Killed a death yak
  7783 | D:8      | Found a snail-covered altar of Cheibriados.
  7935 | D:8      | Noticed a two-headed ogre
  7941 | D:8      | Killed a two-headed ogre
  7942 | D:8      | Reached skill level 8 in Short Blades
  8256 | D:9      | Noticed a cyclops
  8268 | D:9      | Noticed a two-headed ogre
  8276 | D:9      | Killed a cyclops
  8277 | D:9      | Reached XP level 12. HP: 47/93 MP: 19/23
  8280 | D:9      | Killed a two-headed ogre
  8478 | D:9      | Noticed a two-headed ogre
  8486 | D:9      | Killed a two-headed ogre
  8667 | D:9      | Got a slimy hand axe
  9350 | D:9      | Learned a level 2 spell: Ensorcelled Hibernation
  9354 | D:9      | Learned a level 3 spell: Confuse
  9358 | D:9      | Learned a level 3 spell: Tukima's Dance
  9363 | D:9      | Learned a level 4 spell: Cause Fear
  9477 | D:10     | Entered Level 10 of the Dungeon
  9491 | D:10     | Found Xyna's Antique Armour Shoppe.
  9504 | D:10     | Bought a smoking ring mail for 207 gold pieces
  9514 | D:10     | Identified the +5 ring mail "Sanyll" {rElec Str+7 Dex+4
                  | Stlth-} (You bought it in a shop on level 10 of the
                  | Dungeon)
  9516 | D:10     | Identified the +7 hand axe "Dragonbane" {chop, rF+ rC+}
                  | (You found it on level 9 of the Dungeon)
  9553 | D:10     | Reached ****** piety under Cheibriados
  9609 | D:10     | Found a staircase to the Orcish Mines.
  9615 | D:10     | Reached skill level 9 in Short Blades
  9816 | D:10     | Noticed a two-headed ogre
  9831 | D:10     | Noticed a seven-headed hydra
  9845 | D:10     | Killed a nine-headed hydra
  9847 | D:10     | Killed a two-headed ogre
  9879 | D:10     | Reached skill level 10 in Stealth
 10120 | D:10     | Found Ugufuuth's Magic Scroll Shop.
 10123 | D:10     | Bought a scroll of fog for 26 gold pieces
 10123 | D:10     | Bought a scroll of teleportation for 39 gold pieces
 10281 | Lair:1   | Entered Level 1 of the Lair of Beasts
 10301 | Lair:1   | Found a frozen archway.
 10320 | IceCv    | Entered an ice cave
 10467 | IceCv    | Reached XP level 13. HP: 101/101 MP: 25/25
 10513 | IceCv    | Got a spiked ring mail
 10524 | IceCv    | Identified the cursed +0 ring mail of Wipli {rC+ Dex+3}
                  | (You found it in an ice cave)
 10559 | IceCv    | Reached skill level 10 in Short Blades
 10837 | IceCv    | Noticed a frost giant
 10917 | IceCv    | Killed a frost giant
 11074 | IceCv    | Identified the Disquisition on Lucky Dislocation
 11083 | IceCv    | Learned a level 1 spell: Infusion
 11888 | Lair:2   | Found a runed translucent gate.
 11888 | Lair:2   | Found a runed translucent gate.
 11888 | Lair:2   | Found a runed translucent gate.
 12017 | Lair:2   | Found a staircase to the Snake Pit.
 12171 | Lair:2   | Found a staircase to the Swamp.
 12728 | Lair:2   | Noticed Huum's ghost (journeyman DrSA)
 12728 | Lair:2   | Noticed an ice dragon
 12764 | Lair:3   | Reached skill level 11 in Short Blades
 13419 | Lair:3   | Reached XP level 14. HP: 109/109 MP: 27/27
 13897 | Lair:4   | Found a runed translucent door.
 13902 | Lair:4   | Noticed yrara's ghost (journeyman DsFi)
 14423 | Lair:5   | Reached skill level 10 in Fighting
 14423 | Lair:5   | Reached skill level 10 in Polearms
 14423 | Lair:5   | Reached skill level 10 in Shields
 14433 | Lair:5   | Found a dark tunnel.
 14440 | Volcano  | Entered a volcano
 16058 | Lair:6   | Entered Level 6 of the Lair of Beasts
 16066 | Lair:6   | Reached skill level 10 in Invocations
 16168 | Lair:6   | Found a gate leading to a gauntlet.
 16282 | Lair:6   | Reached skill level 12 in Short Blades
 16460 | Lair:6   | Noticed a dire elephant
 16481 | Lair:6   | Killed a dire elephant
 16788 | Lair:6   | Reached XP level 15. HP: 117/117 MP: 28/28
 16796 | Lair:6   | Reached skill level 10 in Spellcasting
 16823 | Lair:6   | Reached skill level 10 in Evocations
 17081 | Lair:6   | Found a viscous altar of Jiyva.
 17086 | Lair:6   | Found a staircase to the Slime Pits.
 17831 | Orc      | Entered the Orcish Mines
 17899 | Orc      | Found a staircase to the Elven Halls.
 17977 | Orc      | Found Jeatib's Food Shoppe.
 17986 | Orc      | Found a roughly hewn altar of Beogh.
 18230 | Orc      | Noticed an orc warlord
 18252 | Orc      | Killed an orc warlord
 18316 | Orc      | Found a roughly hewn altar of Beogh.
 18599 | Orc      | Found Woazelyu's Antique Weapon Shop.
 18649 | Orc      | Found Lahait's Antique Armour Shop.
 18652 | Orc      | Found Iteijum's General Store.
 18723 | Orc      | Found Qelidd's Book Shop.
 19052 | Orc      | Bought a scroll of acquirement for 572 gold pieces
 19053 | Orc      | Identified the +0 hat "Ytwipp" {rF+++ Str-5 Int+4 SInv}
                  | (You acquired it in the Orcish Mines)
 19053 | Orc      | Identified the ring of Happiness {rElec Int+5} (You
                  | acquired it in the Orcish Mines)
 19058 | Orc      | Bought a scroll of silence for 82 gold pieces
 19058 | Orc      | Bought a scroll of magic mapping for 38 gold pieces
 19058 | Orc      | Bought a scroll of teleportation for 33 gold pieces
 19058 | Orc      | Bought a potion of curing for 27 gold pieces
 19074 | Orc      | Bought an encrusted chain mail for 180 gold pieces
 19074 | Orc      | Bought a pair of runed boots for 142 gold pieces
 19074 | Orc      | Identified the +8 chain mail "Romie" {+Inv} (You bought it
                  | in a shop in the Orcish Mines)
 19488 | D:11     | Noticed Psyche
 19504 | D:11     | Killed Psyche
 19779 | D:11     | Reached skill level 10 in Long Blades
 19779 | D:11     | Reached skill level 10 in Axes
 19779 | D:11     | Reached skill level 10 in Maces & Flails
 19779 | D:11     | Reached skill level 10 in Staves
 19779 | D:11     | Reached skill level 10 in Slings
 19779 | D:11     | Reached skill level 10 in Bows
 19779 | D:11     | Reached skill level 10 in Crossbows
 19779 | D:11     | Reached skill level 10 in Throwing
 19779 | D:11     | Reached skill level 10 in Armour
 19779 | D:11     | Reached skill level 10 in Dodging
 19779 | D:11     | Reached skill level 10 in Unarmed Combat
 19837 | D:11     | Noticed Nergalle
 19851 | D:11     | Killed Nergalle
 20149 | D:12     | Entered Level 12 of the Dungeon
 20180 | D:12     | Noticed Maurice
 20191 | D:12     | Killed Maurice
 20460 | D:12     | Found a staircase to the Depths.
 20461 | D:12     | Noticed an emperor scorpion
 20484 | D:12     | Reached skill level 13 in Short Blades
 20494 | D:12     | Killed an emperor scorpion
 20642 | D:12     | Found a gate to the Vaults.
 21147 | D:12     | Reached XP level 16. HP: 125/125 MP: 30/30
 21260 | D:12     | Noticed Jorgrun
 21392 | D:12     | Noticed Sonja
 21399 | D:12     | Killed Sonja
 21463 | D:12     | Found Binaad's Assorted Antiques.
 21476 | D:12     | Bought a box of beasts for 340 gold pieces
 21514 | D:12     | Killed Jorgrun
 21741 | D:12     | Bought a scroll of blinking for 127 gold pieces
 22080 | Swamp:1  | Entered Level 1 of the Swamp
 22104 | Swamp:1  | Noticed Nikola
 22170 | Swamp:1  | Killed Nikola
 23615 | Swamp:2  | Reached skill level 14 in Short Blades
 23762 | Swamp:2  | Reached skill level 10 in Hexes
 24106 | Swamp:3  | Entered Level 3 of the Swamp
 24142 | Swamp:3  | Noticed a thorn hunter
 24345 | Swamp:3  | Found a transporter.
 24345 | Swamp:3  | Noticed Quickbrownfox's ghost (journeyman MiAc)
 24346 | Swamp:3  | Found a transporter.
 24391 | Swamp:3  | Got a heavily runed buckler
 24399 | Swamp:3  | Identified the +7 buckler of the Grue {Regen+ Str+2} (You
                  | found it on level 3 of the Swamp)
 24511 | Swamp:3  | Noticed the 27-headed Lernaean hydra
 24521 | Swamp:3  | Noticed a thorn hunter
 24577 | Swamp:3  | Killed a thorn hunter
 24631 | Swamp:3  | Reached XP level 17. HP: 92/133 MP: 32/32
 24780 | Swamp:3  | Killed the 27-headed Lernaean hydra
 26306 | Swamp:3  | Got a decaying rune of Zot
 26723 | Snake:1  | Entered Level 1 of the Snake Pit
 27169 | Snake:1  | Found Koawuabb's Gadget Boutique.
 27170 | Snake:1  | Found Ytigink's Jewellery Shoppe.
 27170 | Snake:1  | Found Vuonilla's Jewellery Shoppe.
 27240 | Snake:1  | Bought a phantom mirror for 260 gold pieces
 27240 | Snake:1  | Bought a wand of acid (8) for 234 gold pieces
 28188 | Snake:1  | Reached skill level 15 in Short Blades
 29109 | Snake:1  | Found Koawuabb's Gadget Boutique.
 29110 | Snake:1  | Found Ytigink's Jewellery Shoppe.
 29110 | Snake:1  | Found Vuonilla's Jewellery Shoppe.
 29285 | Snake:2  | Noticed yrara's ghost (journeyman DsFi)
 29339 | Snake:2  | Found a runed translucent gate.
 29339 | Snake:2  | Found a runed translucent gate.
 29339 | Snake:2  | Found a runed translucent gate.
 29619 | Snake:2  | Reached skill level 10 in Conjurations
 29619 | Snake:2  | Reached skill level 10 in Charms
 29619 | Snake:2  | Reached skill level 10 in Summonings
 29619 | Snake:2  | Reached skill level 10 in Necromancy
 29619 | Snake:2  | Reached skill level 10 in Translocations
 29619 | Snake:2  | Reached skill level 10 in Transmutations
 29619 | Snake:2  | Reached skill level 10 in Fire Magic
 29619 | Snake:2  | Reached skill level 10 in Ice Magic
 29619 | Snake:2  | Reached skill level 10 in Air Magic
 29619 | Snake:2  | Reached skill level 10 in Earth Magic
 29619 | Snake:2  | Reached skill level 10 in Poison Magic
 29852 | Snake:2  | Reached XP level 18. HP: 141/141 MP: 34/34
 30108 | Snake:3  | Entered Level 3 of the Snake Pit
 30286 | Snake:3  | Noticed Mara
 30300 | Snake:3  | Noticed GordonOverkill's illusion
 30306 | Snake:3  | Killed from afar by Mara (illusionary)

Skill      XL: |  1  2  3  4  5  6  7  8  9 10 11 12 13 14 15 16 17 18 |
---------------+-------------------------------------------------------+-----
Invocations    | 1 2 3 4 5 6 7 8 9 10 11 12 | 12.7
Short Blades   | 1 2 3 4 6 8 9 11 12 13 14 15 | 15.3
Long Blades    | 1 2 3 4 5 6 7 8 9 10 11 | 11.8
Axes           | 1 2 3 4 5 6 7 8 9 10 11 | 11.8
Maces & Flails | 1 2 3 4 5 6 7 8 9 10 11 | 11.8
Staves         | 1 2 3 4 5 6 7 8 9 10 11 | 11.8
Slings         | 1 2 3 4 5 6 7 8 9 10 11 | 11.8
Bows           | 1 2 3 4 5 6 7 8 9 10 11 | 11.8
Crossbows      | 1 2 3 4 5 6 7 8 9 10 11 | 11.8
Throwing       | 1 2 3 4 5 6 7 8 9 10 11 | 11.8
Armour         | 1 2 3 4 5 6 7 8 9 10 11 | 11.8
Dodging        | 1 2 3 4 5 6 7 8 9 10 11 | 11.8
Unarmed Combat | 1 2 3 4 5 6 7 8 9 10 11 | 11.8
Spellcasting   | 3 4 5 6 7 8 9 10 11 12 | 12.1
Conjurations   | 1 2 3 4 5 6 7 8 9 10 | 10.1
Charms         | 1 2 3 4 5 6 7 8 9 10 | 10.1
Summonings     | 1 2 3 4 5 6 7 8 9 10 | 10.1
Necromancy     | 1 2 3 4 5 6 7 8 9 10 | 10.1
Translocations | 1 2 3 4 5 6 7 8 9 10 | 10.1
Transmutations | 1 2 3 4 5 6 7 8 9 10 | 10.1
Fire Magic     | 1 2 3 4 5 6 7 8 9 10 | 10.1
Ice Magic      | 1 2 3 4 5 6 7 8 9 10 | 10.1
Air Magic      | 1 2 3 4 5 6 7 8 9 10 | 10.1
Earth Magic    | 1 2 3 4 5 6 7 8 9 10 | 10.1
Poison Magic   | 1 2 3 4 5 6 7 8 9 10 | 10.1
Hexes          | 4 5 6 7 8 9 10 | 10.7
Evocations     | 3 4 5 6 7 8 9 10 11 12 | 12.0
Fighting       | 5 6 7 8 9 10 11 12 | 12.5
Polearms       | 5 6 7 8 9 10 11 12 | 12.5
Shields        | 5 6 7 8 9 10 11 12 | 12.5
Stealth        | 7 8 9 10 11 12 13 | 13.2

Action                   |  1- 3 |  4- 6 |  7- 9 | 10-12 | 13-15 | 16-18 || total
-------------------------+-------+-------+-------+-------+-------+-------++-------
Melee: Spear             |   128 |    57 |       |       |       |       ||   185
       Bite              |    12 |    10 |    45 |   103 |   238 |   170 ||   578
       Trident           |       |    55 |    45 |       |       |       ||   100
       Dire flail        |       |       |   183 |   392 |       |       ||   575
       Hand axe          |       |       |       |   112 |   811 |       ||   923
       Bardiche          |       |       |       |       |     8 |       ||     8
       Eveningstar       |       |       |       |       |   149 |   781 ||   930
Throw: Tomahawk          |       |       |     8 |    48 |    75 |   140 ||   271
 Cast: Slow              |    17 |       |       |    13 |     1 |       ||    31
       Ensorcelled Hiber |       |       |       |     4 |     8 |     1 ||    13
       Infusion          |       |       |       |       |     5 |       ||     5
Invok: Bend Time         |       |       |     4 |     2 |     3 |     3 ||    12
       Temporal Distorti |       |       |       |     1 |       |     1 ||     2
       Step From Time    |       |       |       |       |     1 |     2 ||     3
Evoke: Wand              |       |     3 |     5 |    14 |     3 |     8 ||    33
       Sack of spiders   |       |       |       |       |     1 |     2 ||     3
       Box of beasts     |       |       |       |       |       |     3 ||     3
       Lightning rod     |       |       |       |       |       |     3 ||     3
  Use: Scroll            |     5 |       |     9 |     9 |    17 |    15 ||    55
       Potion            |       |       |     1 |     2 |       |    10 ||    13
 Stab: Sleeping          |     7 |     2 |     3 |     3 |    33 |     2 ||    50
       Paralysed         |       |    14 |    22 |     1 |       |       ||    37
       Distracted        |       |       |       |       |     2 |     2 ||     4
       Petrifying        |       |       |       |       |     2 |       ||     2
       Petrified         |       |       |       |       |     1 |       ||     1
       Confused          |       |       |       |       |       |     2 ||     2
       Invisible         |       |       |       |       |       |     5 ||     5
  Eat: Chunk             |     5 |     6 |    14 |    22 |    49 |    13 ||   109
       Ration            |       |       |       |     2 |     2 |    11 ||    15
Armor: Robe              |    10 |       |       |       |       |       ||    10
       Ring mail         |    10 |    22 |    10 |    45 |   133 |       ||   220
       Leather armour    |       |       |    19 |       |       |       ||    19
       Plate armour      |       |       |   106 |   226 |       |   468 ||   800
       Chain mail        |       |       |       |       |    59 |     7 ||    66
Dodge: Dodged            |    28 |    18 |   116 |   382 |   483 |   557 ||  1584
Block: Medium shield     |    46 |    46 |    30 |   128 |   848 |       ||  1098
       Reflection        |       |       |       |       |    36 |   111 ||   147
       Other             |       |       |       |       |     5 |       ||     5
       Large shield      |       |       |       |       |   171 |  1512 ||  1683
